 Dungeon Crawl Stone Soup version 0.29.1-1-gd02db6906a (webtiles) character file.

Game seed: 7964140644419635769

63 GigaChad the Trooper (level 3, 0/36 HPs)
             Began as a Minotaur Fighter on Oct 6, 2022.
             Was an Initiate of Ashenzari.
             Slain by Menkaure (5 damage)
             ... on level 4 of the Dungeon.
             The game lasted 00:03:27 (1583 turns).

GigaChad the Trooper (Minotaur Fighter)             Turns: 1583, Time: 00:03:28

Health: 0/36       AC:  7    Str: 22    XL:     3   Next: 89%
Magic:  2/2        EV:  8    Int:  5    God:    Ashenzari [......]
Gold:   80         SH:  8    Dex:  9    Spells: 2/2 levels left

rFire   . . .      SeeInvis .   a - +0 long sword
rCold   . . .      Faith    .   f - +0 kite shield
rNeg    . . .      Spirit   .   b - +0 scale mail
rPois   .          Reflect  .   (helmet restricted)
rElec   .          Harm     .   (no cloak)
rCorr   .          Rampage  .   (no gloves)
Will    .....                   (no boots)
Stlth   ..........              (no amulet)
HPRegen 0.12/turn               (no ring)
MPRegen 0.08/turn               (no ring)

@: no status effects
A: horns 2, retaliatory headbutt
a: Renounce Religion


You were on level 4 of the Dungeon.
You worshipped Ashenzari.
Ashenzari was noncommittal.
You visited 2 branches of the dungeon, and saw 4 of its levels.

You collected 80 gold pieces.

Inventory:

Hand Weapons
 a - a +0 long sword (weapon)
Armour
 b - a +0 scale mail (worn)
 c - a +0 buckler
 f - a +0 kite shield (worn)
Jewellery
 e - a ring of positive energy
 g - a ring of fire
 r - a ring of fire
Scrolls
 l - a scroll of summoning {unknown}
 m - a scroll of magic mapping {unknown}
 n - a scroll of identify
 o - a scroll of enchant weapon {unknown}
 p - a scroll of fear {unknown}
Potions
 d - a potion of might
 h - a potion of brilliance
 i - a potion of degeneration {unknown}
 j - a potion of flight {unknown}
 k - a potion of heal wounds {unknown}
 q - a potion of curing {unknown}


   Skills:
 + Level 5.6 Fighting
 - Level 2.4 Long Blades
 - Level 3.8 Armour
 - Level 3.7 Shields


You had 2 spell levels left.
You didn't know any spells.
Your spell library contained the following spells:

 Spells                   Type           Power      Damage    Failure   Level
 Call Canine Familiar     Summ           0%         N/A       100%        3
 Portal Projectile        Hex/Tloc       0%         N/A       100%        3
 Leda's Liquefaction      Hex/Erth       0%         N/A       100%        4


Dungeon Overview and Level Annotations

Branches:
Dungeon (4/15)             Temple (1/1) D:4

Altars:
Ashenzari
Cheibriados
Dithmenos
Elyvilon
Fedhas
Gozag
Hepliaklqana
Nemelex Xobeh
Okawaru
Qazlal
Sif Muna
Trog
Vehumet
Yredelemnul
Zin
The Shining One

Annotations:
D:4 Menkaure
Temple 2 transporters


Innate Abilities, Weirdness & Mutations

You have a pair of horns on your head.
You reflexively headbutt those who attack you in melee.


Message History

You barely miss the hound.
The hound is heavily wounded.
The hound bites you but does no damage. x2
You slash the hound!
You kill the hound!
Your Fighting skill increases to level 5!
Found a ring of fire.
You see here a +0 club.
r - a ring of fire Menkaure, Prince of Dust comes into view.
Menkaure shouts!
Menkaure gestures wildly while chanting.
Menkaure seems to speed up.
A phantom comes into view.
Found a stone staircase leading up.
Found a leather armour and 10 gold pieces.
Menkaure barely misses you.
You completely miss Menkaure.
You headbutt Menkaure, but do no damage.
Menkaure casts a spell at you.
You barely resist.
An endoplasm comes into view.
Menkaure points at you and mumbles some strange words.
Pain shoots through your body!
The phantom hits you but does no damage.
You barely miss Menkaure.
The endoplasm quivers.
Your headbutt misses Menkaure. Menkaure hits you!!
Ouch! That really hurt!
* * * LOW HITPOINT WARNING * * *
You block the phantom's attack. Menkaure completely misses you.
You slash Menkaure!
Menkaure is moderately damaged.
Menkaure rustles drily.
You block Menkaure's attack. The phantom barely misses you.
You block Menkaure's attack. The phantom closely misses you.
You barely miss Menkaure. Your headbutt misses Menkaure.
Menkaure is moderately damaged.
Menkaure hits you.
You die...

... ######..
#######........#
.....#. #..##.#
.... #..##.# ###
#.####..##.#
#.###.).....##.#
#........#.....#
#.######.#####@#
#.# #.# #WM.#
#.# #.# #...#
###.# #.. #<..J
....# ### ......
##### ........
##.......
..[.$#.#. .


You could see a phantom, Menkaure (fast) and an endoplasm.

Vanquished Creatures
  A hound (D:4)
  An adder (D:2)
  A dart slug (D:2)
  A ball python (D:1)
  An endoplasm (D:4)
  5 goblins
  2 hobgoblins
  2 jackals (D:2)
  A bat (D:1)
  A frilled lizard (D:1)
  3 kobolds
  3 rats (D:2)
22 creatures vanquished.

Notes
Turn   | Place    | Note
-------+----------+-------------------------------------------
     0 | D:1      | GigaChad the Minotaur Fighter began the quest for the Orb.
     0 | D:1      | Reached XP level 1. HP: 19/19 MP: 0/0
    23 | D:1      | Found a faded altar of an unknown god.
   414 | D:1      | Reached skill level 4 in Fighting
   840 | D:2      | Reached XP level 2. HP: 22/27 MP: 1/1
  1270 | D:2      | Reached XP level 3. HP: 28/35 MP: 2/2
  1345 | D:2      | You fall into a shaft and drop 2 floors!
  1447 | D:4      | Found a staircase to the Ecumenical Temple.
  1473 | Temple   | Entered the Ecumenical Temple
  1473 | Temple   | Found a transporter.
  1473 | Temple   | Found a transporter.
  1475 | Temple   | Found a transporter.
  1475 | Temple   | Found a transporter.
  1501 | Temple   | Became a worshipper of Ashenzari the Shackled
  1568 | D:4      | Reached skill level 5 in Fighting
  1577 | D:4      | Noticed Menkaure
  1578 | D:4      | Noticed a phantom
  1583 | D:4      | Slain by Menkaure

Illustrated notes

Levels and vault maps discovered:
D:1:      tarquinn_simple_flora_water_e, layout_basic,
          hellmonk_ecumenical_altar_run_dry
D:2:      layout_loops_ring, uniq_crazy_yiuf_cottage
D:4:      layout_basic, minmay_temple_entry_glass, minmay_fire_ice_demons,
          uniq_menkaure
Temple:   hellmonk_temple_divided_pantheon

Skill      XL: |  1  2  3 |
---------------+----------+-----
Fighting       | 4 5 |  5.6
Long Blades    | |  2.4
Armour         | |  3.8
Shields        | |  3.7

Action                   || total
-------------------------++-------
Melee: Long sword        ||    71
       Headbutt          ||     5
  Use: Scroll            ||     1
Armor: Scale mail        ||    34
Dodge: Dodged            ||    27
Block: Kite shield       ||    36
